 Dungeon Crawl Stone Soup version 0.17-a0-1949-g1acca9a (webtiles) character file.

515 Kusio the Poker (level 7, -2/57 HPs)
             Began as a Minotaur Monk on Oct 2, 2015.
             Killed by divine providence
             ... invoked by an orc priest
              (11 damage)
             ... on level 4 of the Dungeon.
             The game lasted 00:07:18 (2238 turns).

Kusio the Poker (Minotaur Monk)                     Turns: 2238, Time: 00:07:18

Health: -2/57      AC:  5    Str: 16    XL:     7   Next: 0%
Magic:  6/6        EV: 12    Int:  7    God:
Gold:   169        SH:  4    Dex: 14    Spells: 0 memorised, 6 levels left

rFire  + . .     SeeInvis .     e - +2 spear (pierce)
rCold  . . .     Clarity  .     y - +0 leather armour (curse)
rNeg   . . .     SustAt   .     z - +0 buckler
rPois  .         Gourm    .     (helmet restricted)
rElec  .         Spirit   .     (no cloak)
rCorr  .         Warding  .     (no gloves)
rMut   .         Stasis   .     s - +1 pair of boots
MR     .....                    h - amulet of regeneration
Stlth  ++........               (no ring)
                                i - ring of protection from fire

@: not resistant to hostile enchantments, unstealthy
A: retaliatory headbutt, horns 2
a: no special abilities


You were on level 4 of the Dungeon.
You were hungry.

You visited 1 branch of the dungeon, and saw 4 of its levels.

You collected 169 gold pieces.

Inventory:

Hand weapons
 e - a +2 spear of piercing (weapon)
Armour
 s - a +1 pair of boots (worn)
 y - a cursed +0 leather armour (worn)
 z - a +0 buckler (worn)
Jewellery
 h - an amulet of regeneration (around neck)
 i - a ring of protection from fire (left hand)
 l - an uncursed ring of positive energy {unknown}
 u - an uncursed ring of stealth {unknown}
Scrolls
 f - 3 scrolls of amnesia {unknown}
 k - a scroll of blinking {unknown}
 n - a scroll of magic mapping {unknown}
 p - 4 scrolls of remove curse
 t - a scroll of random uselessness {unknown}
 w - 2 scrolls of teleportation {unknown}
 A - a scroll of immolation {unknown}
 B - a scroll of fear {unknown}
 C - a scroll of identify {unknown}
Potions
 a - a potion of cancellation {unknown}
 c - a potion of mutation {unknown}
 d - a potion of brilliance {unknown}
 g - 2 potions of heal wounds {unknown}
 j - a potion of might {unknown}
 o - a potion of poison {unknown}
 q - a potion of resistance {unknown}
 r - a potion of lignification {unknown}
 v - 2 potions of curing {unknown}
Comestibles
 b - 4 bread rations
 m - a beef jerky
 x - 4 chunks of flesh


   Skills:
 - Level 3.6 Fighting
 * Level 6.6 Polearms
 + Level 4.8 Armour
 - Level 3.5 Dodging
 - Level 1.5 Stealth
 + Level 1.4 Shields
 - Level 4.3 Unarmed Combat


You had 6 spell levels left.
You didn't know any spells.

Dungeon Overview and Level Annotations

Branches:
Dungeon (4/15)
 Temple: D:4-7

Altars:


Innate Abilities, Weirdness & Mutations

You reflexively headbutt those who attack you in melee.
You have a pair of horns on your head.


Message History

You kill the orc priest!
You have reached level 7!
The orc priest mumbles some strange prayers to Beogh against you.
Something smites you!
The orc wizard hits you but does no damage.
You barely miss the orc wizard.
The orc wizard hits you but does no damage.
You barely miss the orc priest.
The orc priest hits you but does no damage.
The orc wizard barely misses you.
You barely miss the orc priest.
The orc wizard hits you but does no damage.
The orc priest calls down the wrath of Beogh upon you.
Something smites you!
* * * LOW HITPOINT WARNING * * *
You are too injured to fight recklessly!
You are too injured to fight recklessly!
The orc priest calls down the wrath of Beogh upon you.
Something smites you!
You die...

#....# ### ###....###
#####..#### #........#
#.......%.. #........#
#.......... .........#
#.......... #........#
#.......... ###....###
#..o)..# #....# #.#o#
##.### #.#@# #.# #...#
#.#########..##
#........##.##
####..>.....##.###########
#.##........##.##........#
#.##.###..#....##........#
..##.# #.#..#.##........#
#.##.# ##....#.#.........#


You could see an orc priest and an orc wizard.

Vanquished Creatures
  A phantom (D:4)
  An orc priest (D:4)
  An iguana (D:4)
  Terence (D:2)
  4 orc wizards
  3 worker ants (D:4)
  7 adders
  An ooze (D:1)
  2 adder skeletons (D:4)
  2 worms (D:2)
  5 giant geckos
  8 orcs
  3 goblins
  9 hobgoblins
  7 jackals
  11 bats
  3 giant cockroaches
  A giant gecko skeleton (D:4)
  2 giant newts (D:2)
  8 kobolds
  2 quokkas
  7 rats
89 creatures vanquished.

Notes
Turn   | Place    | Note
--------------------------------------------------------------
     0 | D:1      | Kusio the Minotaur Monk began the quest for the Orb.
     0 | D:1      | Reached XP level 1. HP: 19/19 MP: 0/0
     3 | D:1      | Noticed an electric eel
     3 | D:1      | Noticed an electric eel
   287 | D:1      | Reached skill level 1 in Polearms
   287 | D:1      | Reached skill level 1 in Armour
   287 | D:1      | Reached XP level 2. HP: 26/26 MP: 1/1
   694 | D:2      | Reached XP level 3. HP: 31/31 MP: 2/2
   914 | D:2      | Reached XP level 4. HP: 39/39 MP: 3/3
  1000 | D:2      | Noticed Terence
  1011 | D:2      | Killed Terence
  1499 | D:3      | Reached XP level 5. HP: 45/45 MP: 4/4
  1825 | D:4      | Noticed a phantom
  1878 | D:4      | Reached skill level 5 in Polearms
  1906 | D:4      | Reached XP level 6. HP: 49/51 MP: 5/5
  1950 | D:4      | Killed a phantom
  1950 | D:4      | Reached skill level 6 in Polearms
  2058 | D:4      | Reached skill level 1 in Shields
  2234 | D:4      | Reached XP level 7. HP: 32/57 MP: 6/6
  2238 | D:4      | Killed from afar by an orc priest

Vault maps used:
D:1:      arrival_aquarium_b, st_stairs_5
D:2:      first_bread, minmay_statues_item, uniq_terence

Action                   |  1- 3 |  4- 6 |  7- 9 || total
-------------------------+-------+-------+-------++-------
Melee: Unarmed           |     8 |       |       ||     8
       Spear             |    77 |   175 |     3 ||   255
  Use: Scroll            |       |     1 |       ||     1
 Stab: Sleeping          |     1 |     4 |       ||     5
  Eat: Chunk             |       |     5 |       ||     5
